 Dungeon Crawl Stone Soup version 0.31-a0-875-g02e7d12df6 (webtiles) character file.

Game seed: 12526005703606194726

6766 Newt the Markskobold (level 11, -4/59 HPs)
             Began as a Kobold Hunter on Oct 12, 2023.
             Was a Priest of Hepliaklqana.
             Slain by a komodo dragon (11 damage)
             ... on level 10 of the Dungeon.
             The game lasted 00:10:02 (8749 turns).

Newt the Markskobold (Kobold Hunter)                Turns: 8749, Time: 00:10:02

Health: -4/59      AC: 21    Str: 10    XL:     11   Next: 24%
Magic:  16/16      EV: 21    Int: 10    God:    Hepliaklqana [***...]
Gold:   596        SH:  0    Dex: 28    Spells: 15/17 levels left

rFire   + . .        a - +1 shortbow
rCold   . . .        (shield currently unavailable)
rNeg    . . .        m - +9 ring mail of Lugonu's Delight {+Blink rF+}
rPois   .            (no helmet)
rElec   .            r - +2 cloak
rCorr   .            y - +2 pair of gloves
SInv    .            (no boots)
Will    .....        (no amulet)
Stlth   +++          g - +6 ring of dexterity
HPRegen 0.29/turn    u - +5 ring of evasion
MPRegen 0.15/turn

%: no passive effects
@: no status effects
A: reduced essence, small, no large weapons, nightstalker 3
a: Renounce Religion, Evoke Blink, Recall Ancestor, Ancestor Identity,
Transference


You were on level 10 of the Dungeon.
You worshipped Hepliaklqana.
Hepliaklqana was most pleased with you.
You visited 2 branches of the dungeon, and saw 11 of its levels.

You collected 596 gold pieces.

Inventory:

Hand Weapons
 a - a +1 shortbow (weapon)
Armour
 c - a +0 leather armour
 f - a +2 scale mail of willpower
 h - the +0 ring mail "Naozergh" {-Tele rPois rN+}
   (You found it on level 2 of the Dungeon)

   rPois:     It protects you from poison rN+: It protects you from negative
   energy.
   -Tele:     It prevents most forms of teleportation.
 m - the +9 ring mail of Lugonu's Delight (worn) {+Blink rF+}
   (You found it on level 4 of the Dungeon)

   rF+:       It protects you from fire.
   +Blink:    It lets you blink.
 r - a +2 cloak (worn)
 y - a +2 pair of gloves (worn)
Jewellery
 g - a +6 ring of dexterity (left hand)
 i - a +4 ring of protection
 l - a ring of ice
 u - a +5 ring of evasion (right hand)
Wands
 t - a wand of charming (23)
 v - a wand of roots (8)
 w - a wand of quicksilver (7)
 A - a wand of polymorph (13)
Scrolls
 b - 4 scrolls of butterflies
 e - 11 scrolls of teleportation
 n - a scroll of vulnerability
 o - 3 scrolls of poison
 p - 5 scrolls of immolation
 x - 2 scrolls of revelation
 E - a scroll of identify
Potions
 d - 2 potions of degeneration
 j - a potion of cancellation
 k - 2 potions of haste
 q - 3 potions of might
 s - 2 potions of resistance
 z - a potion of attraction
 B - a potion of curing {unknown}
 C - a potion of enlightenment {unknown}
 D - a potion of brilliance {unknown}
 F - a potion of berserk rage {unknown}
 G - a potion of ambrosia {unknown}


   Skills:
 + Level 6.5 Fighting
 - Level 15.0 Ranged Weapons
 - Level 5.0 Armour
 - Level 5.0 Dodging
 - Level 1.3 Stealth
 - Level 3.9 Spellcasting
 - Level 7.1 Transmutations


You had 15 spell levels left.
You knew the following spells:

 Your Spells              Type           Power      Damage    Failure   Level
a - Wereblood             Tmut           16%        N/A       4%          2

Your spell library contained the following spells:

 Spells                   Type           Power      Damage    Failure   Level
 Sublimation of Blood     Necr           1%         N/A       67%         2
 Ozocubu's Armour         Ice            1%         N/A       88%         3
 Alistair's Intoxication  Tmut/Pois      6%         N/A       98%         5
 Borgnjor's Vile Clutch   Necr/Erth      0%         N/A       100%        5
 Eringya's Noxious Bog    Tmut/Pois      4%         4d6       100%        6
 Ozocubu's Refrigeration  Ice            0%         4d7       100%        7
 Summon Hydra             Summ           0%         N/A       100%        7


Dungeon Overview and Level Annotations

Branches:
Dungeon (10/15)            Temple (1/1) D:6            Lair (0/5) D:10
    Orc (0/2) D:9

Altars:
Ashenzari
Cheibriados
Dithmenos
Elyvilon
Fedhas
Gozag
Hepliaklqana
Kikubaaqudgha
Makhleb
Nemelex Xobeh
Okawaru
Qazlal
Ru
Sif Muna
Trog
Uskayaw
Vehumet
Wu Jian
Xom
Yredelemnul
Zin
The Shining One

Shops:
D:1 ([*:   D:10 :

Annotations:
D:7 2 transporters, exclusion: ice statue
Temple 2 transporters


Innate Abilities, Weirdness & Mutations

Your life essence is reduced to manifest your ancestor. (-10% HP)
You are small and have problems with some larger weapons.
You are completely attuned to the shadows.


Message History

The komodo dragon bites you!
Unknown command.
You shoot an arrow.
The arrow hits the komodo dragon but does no damage.
The komodo dragon is moderately wounded.
You shoot an arrow.
The arrow hits the komodo dragon but does no damage.
The komodo dragon is moderately wounded.
The komodo dragon hisses menacingly.
The komodo dragon completely misses you.
Unknown command.
You shoot an arrow.
The arrow hits the komodo dragon but does no damage.
The komodo dragon is moderately wounded.
The komodo dragon bites you.
Unknown command.
You shoot an arrow.
The arrow hits the komodo dragon but does no damage.
The komodo dragon is moderately wounded.
The komodo dragon closely misses you.
You shoot an arrow.
The arrow completely misses the komodo dragon.
The komodo dragon completely misses you.
You shoot an arrow. The arrow hits the komodo dragon!
The komodo dragon is moderately wounded.
The komodo dragon bites you!!
* * * LOW HITPOINT WARNING * * *
You shoot an arrow. The arrow hits the komodo dragon!
The komodo dragon is severely wounded.
Unknown command.
Okay, then.
Aiming: Fastroot
Press: ? - help, Shift-Dir - straight line, f/p - komodo dragon
Aim: a komodo dragon (severely wounded)
The roots erupt in riotous growth!
Roots grab the komodo dragon.
The grasping roots constrict the komodo dragon.
You hear an angry hiss.
The komodo dragon bites you!
You die...

#........................+..
##.....##.....###.##.....###
#......[....#...###.#+#.#
##...####..##.∩.# #.#...###
#...# .>. #...# .........
##'## ## ..###.####.#####
#.# #.... ... #.# ##'###
#.#### .# # #....# #.@l.#
#....# ####.####
#....###.....†..
#....'.'........
#....###........ ######
#.~~≈~S~≈ #≈≈≈≈#≈≈~ ≈≈≈≈#≈


You could see a komodo dragon (rooted).

Vanquished Creatures
  A two-headed ogre (D:8)
  A hornet (D:10)
  A troll (D:10)
  A steam dragon (D:7)
  2 vampire mosquitoes (D:10)
  A warg (D:9)
  Duvessa (D:5)
  A water moccasin (D:7)
  2 orc warriors
  2 sky beasts
  3 ice beasts
  A black bear (D:8)
  An ogre (D:6)
  3 centaurs
  A phantom (D:4)
  4 bullfrogs
  2 gnoll sergeants
  7 scorpions
  6 wights
  Dowan (D:5)
  5 killer bees (D:7)
  3 orc priests
  4 hounds
  3 sleepcaps
  Natasha (D:2)
  2 iguanas
  10 orc wizards
  15 gnolls
  7 adders
  A white imp (D:5)
  An ufetubus (D:5)
  4 dart slugs
  32 orcs
  2 endoplasms (D:3)
  A giant cockroach (D:4)
  11 goblins
  5 hobgoblins
  5 jackals (D:1)
  5 kobolds
  3 quokkas
  6 ball pythons
  3 frilled lizards
  7 rats
178 creatures vanquished.

Vanquished Creatures (collateral kills)
  A two-headed ogre (D:10)
  A wyvern (D:9)
  A vampire (D:9)
  An orc warrior (D:9)
  A centaur (D:8)
  A kobold brigand (D:8)
  A bullfrog (D:9)
  7 wights (D:9)
  An orc priest (D:9)
  An orc wizard (D:9)
  A gnoll (D:10)
  2 orcs (D:9)
  A kobold (D:8)
20 creatures vanquished.

Vanquished Creatures (others)
  An orc priest (D:9)
  An ancestor (D:8)
  2 knights
4 creatures vanquished.

Grand Total: 202 creatures vanquished

Notes
Turn   | Place    | Note
-------+----------+-------------------------------------------
     0 | D:1      | Newt the Kobold Hunter began the quest for the Orb.
     0 | D:1      | Reached XP level 1. HP: 12/12 MP: 1/1
   168 | D:1      | Reached XP level 2. HP: 19/19 MP: 2/2
   174 | D:1      | Found Avuidaf's Book Emporium.
   370 | D:1      | Reached XP level 3. HP: 9/23 MP: 3/3
   545 | D:1      | Found Otink's Antique Armour Boutique.
   547 | D:1      | Found Dirr's Antique Weapon Boutique.
   567 | D:1      | Found Difaerr's General Store.
   866 | D:2      | Identified the +0 ring mail "Naozergh" {-Tele rPois rN+}
   883 | D:2      | You fall into a shaft and drop 2 floors!
   971 | D:4      | Noticed a phantom
   983 | D:4      | Killed a phantom
   984 | D:4      | Reached skill level 5 in Fighting
   984 | D:4      | Reached skill level 6 in Ranged Weapons
   984 | D:4      | Reached XP level 4. HP: 31/31 MP: 4/4
   984 | D:4      | Reached XP level 5. HP: 35/35 MP: 5/5
  1017 | D:4      | Reached skill level 7 in Ranged Weapons
  1189 | D:4      | Reached XP level 6. HP: 40/40 MP: 6/6
  1244 | D:4      | Identified the +9 ring mail of Lugonu's Delight {+Blink
                  | rF+}
  1790 | D:2      | Found a faded altar of an unknown god.
  2054 | D:2      | Noticed Natasha
  2057 | D:2      | Killed Natasha
  2058 | D:2      | Reached skill level 8 in Ranged Weapons
  2344 | D:3      | Found an ornate altar of the Wu Jian Council.
  2958 | D:4      | Reached XP level 7. HP: 44/44 MP: 7/7
  2966 | D:4      | Reached skill level 9 in Ranged Weapons
  3255 | D:5      | Entered Level 5 of the Dungeon
  3371 | D:5      | Noticed Dowan
  3373 | D:5      | Noticed Duvessa
  3374 | D:5      | Killed Dowan
  3375 | D:5      | Reached skill level 10 in Ranged Weapons
  3403 | D:5      | Killed Duvessa
  3670 | D:5      | Reached XP level 8. HP: 49/49 MP: 8/8
  3719 | D:5      | Reached skill level 5 in Dodging
  3730 | D:5      | Reached skill level 1 in Armour
  3845 | D:5      | Found a broken altar of Ashenzari.
  4630 | D:6      | Reached skill level 5 in Armour
  4630 | D:6      | Reached XP level 9. HP: 54/54 MP: 9/9
  4657 | D:6      | Found a staircase to the Ecumenical Temple.
  4704 | Temple   | Found a transporter.
  4704 | Temple   | Found a transporter.
  4704 | Temple   | Found a transporter.
  4704 | Temple   | Found a transporter.
  4704 | Temple   | Entered the Ecumenical Temple
  4721 | Temple   | Became a worshipper of Hepliaklqana the Forgotten
  4747 | D:6      | Found a shimmering blue altar of Sif Muna.
  5072 | D:6      | Reached skill level 11 in Ranged Weapons
  5356 | D:7      | Reached skill level 12 in Ranged Weapons
  5359 | D:7      | Learned a level 2 spell: Wereblood
  5386 | D:7      | Reached skill level 1 in Spellcasting
  5386 | D:7      | Reached skill level 1 in Transmutations
  5449 | D:7      | Noticed an ice statue
  5469 | D:7      | Found a transporter.
  5486 | D:7      | Found a transporter.
  5571 | D:7      | Reached XP level 10. HP: 44/59 MP: 13/15
  5626 | D:7      | Found a burning altar of Makhleb.
  5841 | D:7      | Reached * piety under Hepliaklqana
  6474 | D:8      | Reached skill level 5 in Transmutations
  6656 | D:8      | Noticed a two-headed ogre
  6672 | D:8      | Killed a two-headed ogre
  6684 | D:8      | Reached ** piety under Hepliaklqana
  6685 | D:8      | Remembered your ancestor Preben as a knight
  7299 | D:9      | Reached skill level 13 in Ranged Weapons
  7299 | D:9      | HP: 1/51 [wight/+3 flail (6)]
  7785 | D:9      | Found a staircase to the Orcish Mines.
  7951 | D:10     | Entered Level 10 of the Dungeon
  7972 | D:10     | Noticed a two-headed ogre
  7982 | D:10     | Killed a two-headed ogre
  7983 | D:10     | Reached skill level 14 in Ranged Weapons
  7983 | D:10     | Reached XP level 11. HP: 56/56 MP: 13/16
  8097 | D:10     | Found an iron altar of Okawaru.
  8360 | D:10     | Found a staircase to the Lair.
  8373 | D:10     | Found the +8 Vampire's Tooth {megavamp}
  8398 | D:9      | Reached skill level 15 in Ranged Weapons
  8666 | D:10     | Found Yxzeo's Book Emporium.
  8678 | D:10     | Reached *** piety under Hepliaklqana
  8736 | D:10     | Paralysed by a hornet for 2 turns
  8749 | D:10     | Slain by a komodo dragon

Illustrated notes

Levels and vault maps discovered:
D:1:      dpeg_arrival_shelter, layout_basic, serial_shops, shop, shop, shop,
          shop
D:2:      layout_rooms, shapermc_ecumenical_altar_acropolis, uniq_natasha
D:3:      layout_loops_ring, mainiacjoe_overflow_alcove_4, hangedman_decor_push,
          chequers_decorated_corner
D:4:      layout_loops_cross, guppyfry_early_orc_mine
D:5:      layout_loops_cross, nicolae_ashenzari_panopticon,
          grunt_decor_resistance, hangedman_decor_peaks_small, uniq_duvessa
D:6:      layout_cave_pools, led_sif_book, minmay_temple_entry_drinking_statues
D:7:      layout_rooms, mainiacjoe_overflow_boulevard, nzn_ghost_randoct
D:8:      layout_gridville
D:9:      layout_rooms, erik_orc_4
D:10:     layout_basic, mainiacjoe_overflow_surrounded_room,
          david_lair_shrubbed, serial_shops, nicolae_book_shop_shelving,
          hex_tiny, minmay_misc_feat_rows, minmay_guarded_unrand_vampires_tooth
Temple:   hellmonk_temple_divided_pantheon

Skill      XL: |  1  2  3  4  5  6  7  8  9 10 11 |
---------------+----------------------------------+-----
Fighting       | 3 5 6 |  6.5
Ranged Weapons | 6 7 8 10 12 14 15 | 15.0
Dodging        | 4 5 |  5.0
Armour         | 5 |  5.0
Spellcasting   | 3 |  3.9
Transmutations | 3 7 |  7.1
Stealth        | |  1.3

Action                     |  1- 3 |  4- 6 |  7- 9 | 10-12 || total
---------------------------+-------+-------+-------+-------++-------
  Melee: Shortbow          |       |       |       |     5 ||     5
   Fire: Shortbow          |    68 |   104 |   288 |   269 ||   729
   Cast: Wereblood         |       |       |     1 |     6 ||     7
 Invoke: Recall Ancestor   |       |       |       |     3 ||     3
         Ancestor Life: Kn |       |       |       |     1 ||     1
  Evoke: Wand              |       |       |       |     2 ||     2
    Use: Scroll            |     2 |     8 |     3 |     4 ||    17
         Potion            |       |       |     1 |     1 ||     2
 Armour: Leather armour    |    26 |       |       |       ||    26
         Ring mail         |     5 |    19 |    76 |   107 ||   207
  Dodge: Dodged            |    35 |    38 |   235 |   206 ||   514

Table legend: (Time is in decaauts)
 A = Elapsed time spent in this place.
 B = Non-inter-level travel time spent in this place.
 C = Inter-level travel time spent in this place.
 D = Time resting spent in this place.
 E = Time spent auto-exploring this place.
 F = Levels seen in this place.
 G = Mean time per level.
                   A        B        C        D        E       F      G
               +--------+--------+--------+--------+--------+-----+--------+
         Total |   8743 |   8519 |    224 |    992 |   6280 |  11 |  794.8 |
       Dungeon |   8712 |   8497 |    215 |    992 |   6280 |  10 |  871.2 |
        Temple |     30 |     22 |      8 |      0 |      0 |   1 |   30.0 |
               +--------+--------+--------+--------+--------+-----+--------+

Top non-repeatable levels by time:
     D:5: 1226 daAuts
     D:8: 1094 daAuts
     D:4: 1047 daAuts
     D:9: 1015 daAuts
     D:3: 863 daAuts
     D:7: 842 daAuts
     D:1: 795 daAuts
     D:6: 654 daAuts
    D:10: 590 daAuts
     D:2: 583 daAuts
  Temple: 30 daAuts
